cohdb
Replays
Latest Replays
All Replays
Popular Replays
Top Player Replays
Match Explorer
How It Works
Community
CoH3 Stats
Reddit
Sign in to upload your games and track your stats! →
Sign in with Steam
Match 45098807
Unlisted
Match 45098807
Overview
Messages
Build Orders
End
Engineer Squad
Construct Barracks
Riflemen Squad
Riflemen Squad
Grenade Package
Riflemen Squad
Construct Medical Station
Riflemen Squad
Infantry Support Center
Construct Motor Pool
M1 Anti-tank Gun Team
M24 Chaffee Light Tank
M1918 Browning Automatic Rifles
M24 Chaffee Light Tank
Advanced Logistics
Survival Training
Selects Heavy Weapons
Selects Assault Carriers
Selects Halftrack Strongpoints
M1 Anti-tank Gun Team
Selects M26 Pershing Heavy Tank
Selects M2HB .50cal Heavy Machine Gun
M26 Pershing Heavy Tank
M1 Anti-tank Gun Team
Engineer Squad
Riflemen Squad
Selects Gallant Stand
Selects Black Dragon Artillery Barrage
Riflemen Squad
Seocheon
SxNine
Jesulin
Task Force X
0
0
Comments
sign in to comment!
No comments posted yet!